 Dungeon Crawl Stone Soup version 0.27.0-1-g7a089689b8 (webtiles) character file.

Game seed: 3401804289303850459

1402 SnakkuSnakku7 the Basher (level 8, -3/74 HPs)
             Began as a Minotaur Monk on Aug 11, 2021.
             Killed from afar by a steam dragon (15 damage)
             ... with a ball of steam
             ... on level 6 of the Dungeon.
             The game lasted 00:05:36 (3319 turns).

SnakkuSnakku7 the Basher (Minotaur Monk)            Turns: 3319, Time: 00:05:37

Health: -3/74      AC:  9    Str: 18    XL:     8   Next: 42%
Magic:  7/7        EV: 10    Int:  7    God:
Gold:   178        SH:  0    Dex: 13    Spells: 7/7 levels left

rFire    . . .     SeeInvis .   a - +2 flail
rCold    . . .     Faith    .   (no shield)
rNeg     . . .     Spirit   .   s - +0 scale mail
rPois    .         Reflect  .   (helmet restricted)
rElec    .         Harm     .   d - +0 cloak
rCorr    .         Rampage  .   i - +0 pair of gloves
Will     .....                  q - +0 pair of boots
Stlth    ..........             (no amulet)
HPRegen  0.22/turn              (no ring)
MPRegen  0.10/turn              (no ring)

@: no status effects
A: horns 2, retaliatory headbutt
a: no special abilities


You were on level 6 of the Dungeon.
You visited 1 branch of the dungeon, and saw 6 of its levels.
You also visited: Sewer.

You collected 178 gold pieces.

Inventory:

Hand Weapons
 a - a +2 flail (weapon)
 l - a +3 quarterstaff of chaos
 y - a +0 mace
Missiles
 c - 34 poisoned darts (quivered)
 u - 7 curare-tipped darts
Armour
 b - a +0 robe
 d - a +0 cloak (worn)
 i - a +0 pair of gloves (worn)
 q - a +0 pair of boots (worn)
 s - a +0 scale mail (worn)
Wands
 B - a wand of flame (15)
Scrolls
 e - 2 scrolls of identify {unknown}
 f - a scroll of teleportation {unknown}
 g - a scroll of magic mapping {unknown}
 j - a scroll of enchant weapon
 n - a scroll of holy word {unknown}
 r - a scroll of acquirement {unknown}
 z - a scroll of enchant armour {unknown}
 A - a scroll of fog {unknown}
Potions
 h - 4 potions of curing {unknown}
 k - 3 potions of lignification {unknown}
 m - 4 potions of attraction {unknown}
 o - 2 potions of brilliance {unknown}
 p - a potion of degeneration {unknown}
 v - 3 potions of heal wounds
 w - 2 potions of flight
 x - a potion of mutation {unknown}
 C - a potion of might {unknown}


   Skills:
 - Level 8.0 Fighting
 + Level 10.7 Maces & Flails
 - Level 3.2 Dodging
 - Level 1.5 Stealth


You had 7 spell levels left.
You didn't know any spells.
Your spell library contained the following spells:

 Spells                   Type           Power      Damage    Failure   Level
 Gell's Gravitas          Tloc           0%         N/A       99%         3
 Lesser Beckoning         Tloc           0%         N/A       99%         3
 Teleport Other           Tloc           0%         N/A       99%         3


Dungeon Overview and Level Annotations

Branches:
Dungeon (6/15)              Sewer (visited)
 Temple: D:4-7

Altars:
Elyvilon
Hepliaklqana
Nemelex Xobeh
Ru
The Shining One


Innate Abilities, Weirdness & Mutations

You have a pair of horns on your head.
You reflexively headbutt those who attack you in melee.


Message History

You see here a ring of wizardry.
You open the door.
There is an open door here.
Found a sparkling altar of Nemelex Xobeh.
A steam dragon comes into view.
The steam dragon hisses angrily.
The steam dragon breathes steam at you. The ball of steam hits you!
You hear a bark!
You're standing in a cloud of steam!
You are engulfed in a cloud of scalding steam.
You are engulfed in a cloud of scalding steam.
A hound comes into view.
The hound barks!
The steam dragon bites you. The steam dragon barely misses you.
You hit the steam dragon.
The steam dragon is lightly wounded.
The steam dragon bites you. The steam dragon closely misses you.
You sock the steam dragon!
The steam dragon is heavily wounded.
The steam dragon bites you.
The steam dragon claws you but does no damage.
You thump the steam dragon!
The steam dragon is almost dead.
The hound bites you. x2
The steam dragon breathes steam at you. The ball of steam hits you!
You are too injured to fight recklessly!
You are too injured to fight recklessly!
You are too injured to fight recklessly!
You barely miss the steam dragon.
The steam dragon is almost dead.
You are engulfed in a cloud of scalding steam.
* * * LOW HITPOINT WARNING * * *
The hound completely misses you. You furiously retaliate!
You headbutt the hound, but do no damage.
Unknown command.
The steam dragon breathes steam at you. The ball of steam hits you!
You die...

#....#...............
##...=...#..#.###.##
############'#######
..............#
####.#........+
##.##.......#
##...##....#.#
##.....##.### #
#.#...@§..#.#
#.....D§.§§.#
###....h§.###
##.....## ##...##
##.## #.# #.. ##


You could see a steam dragon (catching breath) and a hound.

Vanquished Creatures
  Sigmund (D:2)
  Duvessa (D:5)
  2 black bears
  An ogre (D:5)
  A phantom (D:5)
  A kobold brigand (Sewer)
  Dowan (D:5)
  3 wights (D:5)
  3 hounds
  Crazy Yiuf (D:2)
  An orc priest (D:4)
  2 bullfrog skeletons (D:5)
  Ijyb (D:5)
  2 iguanas
  An orc wizard (D:4)
  A hound skeleton (D:4)
  4 gnolls (D:5)
  9 adders
  A river rat (Sewer)
  An ufetubus (D:5)
  An adder skeleton (D:4)
  2 worms
  6 dart slugs
  5 orcs
  2 bats
  2 endoplasms (D:3)
  7 giant cockroaches
  7 goblins
  6 hobgoblins
  15 jackals
  12 kobolds
  6 quokkas
  6 ball pythons
  4 frilled lizards
  8 rats
127 creatures vanquished.

Notes
Turn   | Place    | Note
-------+----------+-------------------------------------------
     0 | D:1      | SnakkuSnakku7 the Minotaur Monk began the quest for the
                  | Orb.
     0 | D:1      | Reached XP level 1. HP: 19/19 MP: 0/0
    48 | D:1      | Reached skill level 4 in Maces & Flails
    48 | D:1      | Reached XP level 2. HP: 20/27 MP: 1/1
   276 | D:1      | Reached XP level 3. HP: 18/34 MP: 2/2
   371 | D:1      | Found a faded altar of an unknown god.
   532 | D:2      | Noticed Sigmund
   689 | D:2      | Found a runed translucent door.
   690 | D:2      | Noticed Crazy Yiuf
   696 | D:2      | Killed Crazy Yiuf
   697 | D:2      | Reached skill level 5 in Fighting
   697 | D:2      | Reached skill level 5 in Maces & Flails
   697 | D:2      | Reached XP level 4. HP: 23/42 MP: 3/3
   821 | D:2      | Killed Sigmund
   822 | D:2      | Reached skill level 6 in Maces & Flails
   822 | D:2      | Reached XP level 5. HP: 40/50 MP: 4/4
   897 | D:2      | Reached XP level 6. HP: 47/57 MP: 5/5
  1480 | D:3      | Found a hazy altar of Hepliaklqana.
  1496 | D:3      | Found a glowing golden altar of the Shining One.
  1877 | D:4      | Reached skill level 7 in Maces & Flails
  1954 | D:4      | Found a glowing drain.
  1971 | D:4      | Reached XP level 7. HP: 65/66 MP: 6/6
  1979 | Sewer    | Entered a sewer
  2056 | Sewer    | Found a white marble altar of Elyvilon.
  2137 | D:4      | Found a white marble altar of Elyvilon.
  2303 | D:5      | Entered Level 5 of the Dungeon
  2312 | D:5      | Reached skill level 8 in Maces & Flails
  2585 | D:5      | Reached skill level 9 in Maces & Flails
  2736 | D:5      | Noticed Ijyb
  2751 | D:5      | Killed Ijyb
  2824 | D:5      | Reached XP level 8. HP: 72/74 MP: 7/7
  2851 | D:5      | Noticed Duvessa
  2852 | D:5      | Noticed Dowan
  2867 | D:5      | Killed Duvessa
  2871 | D:5      | Killed Dowan
  2872 | D:5      | Reached skill level 10 in Maces & Flails
  3033 | D:5      | Found a sacrificial altar of Ru.
  3309 | D:6      | Found a sparkling altar of Nemelex Xobeh.
  3319 | D:6      | Killed from afar by a steam dragon

Illustrated notes

Levels and vault maps discovered:
D:1:      minmay_arrival_plants_in_alcoves, layout_rooms,
          hellmonk_ecumenical_altar_arch_garden, minmay_misc_feat_enclosed
D:2:      layout_rooms, uniq_sigmund, uniq_crazy_yiuf_cottage
D:3:      layout_rooms, mainiacjoe_overflow_big_doors
D:4:      layout_loops_cross, overflow_temple_1_default, gup_sewer_entry_glass
D:5:      layout_basic, nicolae_ru_awakened_eye, uniq_duvessa, uniq_ijyb
D:6:      layout_gridville, nicolae_vehumet_radiance, lemuel_round_altar,
          temple_statues, minivault_19

Skill      XL: |  1  2  3  4  5  6  7  8 |
---------------+-------------------------+-----
Fighting       | 4 5 6 7 8 |  8.0
Maces & Flails | 4 5 6 7 9 10 | 10.7
Dodging        | |  3.2
Stealth        | |  1.5

Action                   |  1- 3 |  4- 6 |  7- 9 || total
-------------------------+-------+-------+-------++-------
Melee: Mace              |    85 |       |       ||    85
       Headbutt          |    10 |     8 |    17 ||    35
       Quarterstaff      |       |    98 |    49 ||   147
       Flail             |       |       |    54 ||    54
Throw: Throwing net      |       |       |     1 ||     1
Evoke: Wand              |       |       |     2 ||     2
  Use: Scroll            |     1 |     1 |       ||     2
 Stab: Held in net/web   |       |       |     1 ||     1
Armor: Robe              |    20 |    16 |       ||    36
       Scale mail        |       |    42 |    40 ||    82
Dodge: Dodged            |    72 |    61 |    46 ||   179
